 Dungeon Crawl Stone Soup version 0.22-a0-322-g60b3cfd (webtiles) character file.

29194 RoseArtemis the Severer (level 13, -8/119 HPs)
             Began as a Minotaur Fighter on Apr 5, 2018.
             Was a High Priest of Makhleb.
             Mangled by a komodo dragon (15 damage)
             ... on level 6 of the Lair of Beasts.
             The game lasted 00:46:58 (16372 turns).

RoseArtemis the Severer (Minotaur Fighter)         Turns: 16372, Time: 00:46:59

Health: -8/119     AC: 19    Str: 26    XL:     13   Next: 13%
Magic:  18/18      EV:  6    Int: 10    God:    Makhleb [*****.]
Gold:   581        SH: 10    Dex: 13    Spells: 12/12 levels left

rFire    + . .     SeeInvis .   a - +1 war axe
rCold    + . .     Gourm    .   c - +0 shield
rNeg     . . .     Faith    .   S - +0 chain mail of Masochism {Int+4 Dex-5 Slay+2}
rPois    +         Spirit   .   R - +0 hat
rElec    .         Reflect  .   w - +1 cloak
rCorr    .         Harm     .   Q - +1 pair of gloves
MR       .....                  r - +0 pair of boots
Stlth    ..........             (no amulet)
HPRegen  0.29/turn              z - ring of poison resistance
MPRegen  0.16/turn              M - ring "Qaiborph" {rF+ rC+ Str+3 Dex+6}

@: no status effects
A: retaliatory headbutt, horns 2
a: Minor Destruction, Lesser Servant of Makhleb, Major Destruction, Greater
Servant of Makhleb, Renounce Religion


You were on level 6 of the Lair of Beasts.
You worshipped Makhleb.
Makhleb was extremely pleased with you.
You were very hungry.

You visited 3 branches of the dungeon, and saw 17 of its levels.

You collected 892 gold pieces.
You spent 311 gold pieces at shops.

Inventory:

Hand Weapons
 a - a +1 war axe (weapon)
Missiles
 O - 4 tomahawks of returning (quivered)
Armour
 c - a +0 shield (worn)
 q - a +0 plate armour
 r - a +0 pair of boots (worn)
 w - a +1 cloak (worn)
 Q - a +1 pair of gloves (worn)
 R - a +0 hat (worn)
 S - the +0 chain mail of Masochism (worn) {Int+4 Dex-5 Slay+2}
   (You found it on level 4 of the Lair of Beasts)

   It affects your intelligence (+4).
   It affects your dexterity (-5).
   It affects your accuracy and damage with ranged weapons and melee attacks
   (+2).
Jewellery
 b - an uncursed ring of protection from magic
 t - an uncursed ring of protection from fire
 x - a +4 ring of evasion
 z - a ring of poison resistance (left hand)
 I - an uncursed ring of protection from fire
 K - an uncursed ring of positive energy
 M - the ring "Qaiborph" (right hand) {rF+ rC+ Str+3 Dex+6}
   (You found it on level 1 of the Lair of Beasts)

   [ring of protection from fire]

   It affects your strength (+3).
   It affects your dexterity (+6).
   It protects you from fire.
   It protects you from cold.
Wands
 B - a wand of clouds (3)
 C - a wand of random effects (14)
 E - a wand of polymorph (10)
 F - a wand of acid (7)
 J - a wand of iceblast (16)
 N - a wand of flame (27)
Scrolls
 d - 2 scrolls of amnesia
 g - 7 scrolls of fog
 k - 3 scrolls of blinking
 l - 5 scrolls of magic mapping
 m - 2 scrolls of enchant armour {unknown}
 n - 3 scrolls of fear
 o - 8 scrolls of teleportation
 s - 3 scrolls of enchant weapon
 v - a scroll of summoning {unknown}
 y - 2 scrolls of remove curse
 L - a scroll of holy word {unknown}
 T - a scroll of identify
 U - a scroll of silence {unknown}
Potions
 e - a potion of agility
 h - 8 potions of curing
 i - 4 potions of heal wounds
 j - 2 potions of might
 p - 2 potions of magic
 u - 5 potions of flight
 A - a potion of mutation
 D - 2 potions of cancellation
 G - a potion of lignification
 H - 3 potions of haste
 P - a potion of ambrosia
 V - a potion of degeneration
Comestibles
 f - 30 rations


   Skills:
 + Level 12.9 Fighting
 - Level 16.0 Axes
 + Level 12.9 Armour
 - Level 3.6 Shields
 * Level 9.2 Invocations


You had 12 spell levels left.
You didn't know any spells.

Dungeon Overview and Level Annotations

Branches:
Dungeon (10/15)            Temple (1/1) D:4            Lair (6/6) D:10
 Shoals (0/4) Lair:4        Snake (0/4) Lair:3        Slime (0/5) Lair:5
    Orc: D:9-12

Altars:
Ashenzari
Cheibriados
Dithmenos
Elyvilon
Fedhas
Gozag
Hepliaklqana
Kikubaaqudgha
Makhleb
Nemelex Xobeh
Okawaru
Qazlal
Ru
Sif Muna
Trog
Uskayaw
Vehumet
Wu Jian
Xom
Yredelemnul
Zin
The Shining One
Jiyva

Shops:
D:9 [!?%*


Innate Abilities, Weirdness & Mutations

You reflexively headbutt those who attack you in melee.
You have a pair of horns on your head.


Message History

The yak completely misses you. The yak gores you but does no damage.
You block the komodo dragon's attack.
Press: ? - help, Shift-Dir - straight line, f/p - seven-headed hydra
Aim: a seven-headed hydra (heavily wounded)
The seven-headed hydra writhes in agony!
The yak gores you but does no damage. You block the yak's attack.
The seven-headed hydra bites you! x3; The seven-headed hydra bites you.
The seven-headed hydra barely misses you.
You block the seven-headed hydra's attack.
The seven-headed hydra bites you but does no damage.
The yak gores you!
* * * LOW HITPOINT WARNING * * *
The yak gores you.
* * * LOW HITPOINT WARNING * * *
The komodo dragon barely misses you. The yak gores you but does no damage.
The yak gores you but does no damage. The komodo dragon bites you!!
* * * LOW HITPOINT WARNING * * *
The komodo dragon bites you!
You die...

#.P...P.#........P#.#.
......................
...............)......
......................
......................
..................<...
............Y.Y.......
.......<....l.Y.......
...........@YY........
............$D........
$.......##############
.....(### .P..P# ....#
P..P .P


You could see a seven-headed hydra, a komodo dragon and 5 yaks.

Vanquished Creatures
  4 hydras
  A two-headed ogre (D:8)
  A centaur warrior (D:8)
  4 black mambas
  7 spiny frogs
  6 elephants (Lair:4)
  2 rime drakes
  7 komodo dragons
  3 trolls (D:10)
  2 hornets
  11 blink frogs
  Grinder (D:4)
  A slime creature (D:8)
  2 hippogriffs
  A wyvern (D:8)
  21 yaks
  A basilisk (Lair:3)
  Eustachio (D:5)
  Duvessa (D:4)
  14 water moccasins
  9 porcupines
  5 orc warriors
  2 sky beasts
  2 ice beasts (D:7)
  An eye of draining (D:10)
  12 ogres
  4 phantoms
  7 wolves
  3 centaurs
  7 crocodiles
  A big kobold (D:5)
  Blork the orc (D:5)
  15 bullfrogs
  Dowan (D:4)
  A gnoll sergeant (D:10)
  A wyvern skeleton (D:10)
  5 scorpions
  2 electric eels (D:10)
  2 howler monkeys
  The ghost of Anon1729 the Gusty, a weakling DsAE (D:3)
  3 crimson imps
  8 hounds
  3 quasits
  7 orc priests
  2 bullfrog zombies
  A jelly (D:8)
  4 bullfrog skeletons
  3 centaur skeletons
  Crazy Yiuf (D:5)
  12 orc wizards
  9 iguanas
  5 hell rats (Lair:4)
  6 worker ants
  A killer bee zombie (D:10)
  A hound skeleton (D:4)
  Robin (D:4)
  11 adders
  14 gnolls
  3 shadow imps
  2 adder zombies
  3 worms
  7 dart slugs
  7 leopard geckos
  31 orcs
  5 giant cockroaches
  10 goblins
  6 hobgoblins
  9 jackals
  3 quokkas
  3 ball pythons
  10 bats
  4 frilled lizards
  16 kobolds
  A leopard gecko skeleton (D:8)
  2 quokka skeletons
  15 rats
  2 fungi (Lair:3)
  2 plants (Lair:3)
406 creatures vanquished.

Vanquished Creatures (collateral kills)
  A two-headed ogre (D:10)
  2 komodo dragons (Lair:1)
  3 yaks (Lair:2)
  2 ogres
  3 centaurs (Lair:4)
  2 bullfrogs (Lair:2)
  An electric eel (D:10)
  A hound (D:10)
  An orc wizard (D:9)
  4 orcs (D:9)
20 creatures vanquished.

Vanquished Creatures (others)
  A fungus (Lair:3)
1 creature vanquished.

Grand Total: 427 creatures vanquished

Notes
Turn   | Place    | Note
-------+----------+-------------------------------------------
     0 | D:1      | RoseArtemis the Minotaur Fighter began the quest for the Orb.
     0 | D:1      | Reached XP level 1. HP: 19/19 MP: 0/0
   148 | D:1      | Reached skill level 3 in Axes
   148 | D:1      | Reached XP level 2. HP: 27/27 MP: 1/1
   258 | D:1      | Reached XP level 3. HP: 33/33 MP: 2/2
  1031 | D:2      | Reached skill level 4 in Axes
  1419 | D:2      | Reached XP level 4. HP: 37/40 MP: 3/3
  1589 | D:2      | Found a burning altar of Makhleb.
  1590 | D:2      | Found a shimmering altar of Xom.
  1597 | D:2      | Became a worshipper of Makhleb the Destroyer
  1670 | D:3      | Noticed Anon1729's ghost (weakling DsAE)
  1696 | D:3      | Killed Anon1729's ghost
  2282 | D:3      | Reached XP level 5. HP: 47/47 MP: 4/4
  2573 | D:4      | Noticed Dowan
  2576 | D:4      | Noticed Duvessa
  2589 | D:4      | Killed Duvessa
  2589 | D:4      | Reached skill level 5 in Fighting
  2589 | D:4      | Reached skill level 5 in Axes
  2589 | D:4      | Reached skill level 5 in Armour
  2594 | D:4      | Killed Dowan
  2594 | D:4      | Reached XP level 6. HP: 52/56 MP: 5/5
  2655 | D:4      | Noticed Grinder
  2657 | D:4      | Paralysed by Grinder for 2 turns
  2665 | D:4      | Killed Grinder
  2665 | D:4      | Reached skill level 6 in Axes
  2888 | D:4      | Reached XP level 7. HP: 62/62 MP: 6/6
  3027 | D:4      | Reached * piety under Makhleb
  3029 | D:4      | Reached skill level 7 in Axes
  3591 | D:4      | Found a staircase to the Ecumenical Temple.
  3665 | D:4      | Found a snail-covered altar of Cheibriados.
  3665 | D:4      | Found a bloodstained altar of Trog.
  3774 | D:4      | Noticed Robin
  3793 | D:4      | Killed Robin
  3832 | D:4      | Reached skill level 8 in Axes
  4202 | D:5      | Entered Level 5 of the Dungeon
  4252 | Temple   | Entered the Ecumenical Temple
  4547 | D:5      | Noticed Eustachio
  4568 | D:5      | Killed Eustachio
  4568 | D:5      | Reached XP level 8. HP: 66/71 MP: 7/7
  4680 | D:5      | Found a glowing golden altar of the Shining One.
  4942 | D:5      | Reached skill level 9 in Axes
  4950 | D:5      | Got a steaming trident
  5014 | D:5      | Identified the +6 trident of Bankruptcy {holy, rPois rC- Str+5 Int-4} (You found it on level 5 of the Dungeon)
  5059 | D:5      | Found a runed door.
  5104 | D:5      | Noticed Blork the orc
  5112 | D:5      | Reached ** piety under Makhleb
  5121 | D:5      | Killed Blork the orc
  5468 | D:5      | Reached skill level 10 in Axes
  5627 | D:5      | Reached XP level 9. HP: 81/81 MP: 8/8
  5840 | D:5      | Noticed Crazy Yiuf
  5843 | D:5      | Killed Crazy Yiuf
  5895 | D:6      | Reached skill level 1 in Invocations
  6384 | D:6      | Reached *** piety under Makhleb
  6402 | D:6      | Found an ancient bone altar of Kikubaaqudgha.
  6705 | D:7      | Reached skill level 11 in Axes
  6771 | D:7      | Noticed a hellwing
  7323 | D:7      | Found a hide-covered altar of Uskayaw.
  7390 | D:7      | Reached XP level 10. HP: 56/91 MP: 11/11
  7749 | D:8      | Reached skill level 12 in Axes
  7822 | D:8      | Found a transporter.
  8002 | D:8      | Found a sparkling altar of Nemelex Xobeh.
  8039 | D:8      | Reached **** piety under Makhleb
  8613 | D:8      | Noticed a centaur warrior
  8619 | D:8      | Killed a centaur warrior
  8633 | D:8      | Noticed a two-headed ogre
  8644 | D:8      | Reached skill level 5 in Invocations
  8658 | D:8      | Killed a two-headed ogre
  8658 | D:8      | Reached skill level 10 in Fighting
  8658 | D:8      | Reached skill level 13 in Axes
  8658 | D:8      | Reached skill level 10 in Armour
  8922 | D:8      | Found a transporter.
  8953 | D:8      | Got a crude copper ring
  8970 | D:8      | Identified the ring "Bephen" {+Fly MP+9} (You found it on level 8 of the Dungeon)
  9032 | D:9      | Found Kaprosch's Armour Emporium.
  9327 | D:9      | Found Qixku's Distillery.
  9460 | D:9      | Found Woexygal's Food Boutique.
  9469 | D:9      | Found Eqeudeuwk's General Store.
  9488 | D:9      | Bought a potion of lignification for 33 gold pieces
  9488 | D:9      | Bought a scroll of blinking for 82 gold pieces
  9559 | D:9      | Found Ylaejepe's Magic Scroll Emporium.
  9566 | D:9      | Bought a scroll of identify for 28 gold pieces
  9566 | D:9      | Bought a scroll of teleportation for 42 gold pieces
  9566 | D:9      | Bought a scroll of teleportation for 42 gold pieces
  9566 | D:9      | Bought a scroll of teleportation for 42 gold pieces
  9566 | D:9      | Bought a scroll of teleportation for 42 gold pieces
  9641 | D:9      | Found a sacrificial altar of Ru.
  9675 | D:9      | Found a stormy altar of Qazlal.
  9676 | D:9      | Found a hazy altar of Hepliaklqana.
  9680 | D:9      | Found an ornate altar of the Wu Jian Council.
  9723 | D:10     | Entered Level 10 of the Dungeon
  9758 | D:10     | Reached XP level 11. HP: 90/100 MP: 14/14
  9778 | D:10     | Noticed a two-headed ogre
  9783 | D:10     | Killed a two-headed ogre
 10736 | D:10     | Found a staircase to the Lair.
 11115 | Lair:1   | Entered Level 1 of the Lair of Beasts
 11384 | Lair:1   | Reached skill level 14 in Axes
 11952 | Lair:1   | Got a translucent lapis lazuli ring
 12042 | Lair:1   | Identified the ring "Qaiborph" {rF+ rC+ Str+3 Dex+6} (You found it on level 1 of the Lair of Beasts)
 12693 | Lair:2   | Noticed a five-headed hydra
 12698 | Lair:2   | Killed a five-headed hydra
 12812 | Lair:2   | Reached XP level 12. HP: 96/110 MP: 16/16
 13001 | Lair:2   | Noticed a five-headed hydra
 13012 | Lair:2   | Killed a five-headed hydra
 13012 | Lair:2   | Reached skill level 15 in Axes
 13348 | Lair:3   | Found a staircase to the Snake Pit.
 13629 | Lair:3   | Noticed a six-headed hydra
 13637 | Lair:3   | Killed a six-headed hydra
 14610 | Lair:4   | Found a staircase to the Shoals.
 14683 | Lair:4   | Reached skill level 16 in Axes
 14840 | Lair:4   | Identified the cursed +0 chain mail of Masochism {Int+4 Dex-5 Slay+2} (You found it on level 4 of the Lair of Beasts)
 15416 | Lair:5   | Reached ***** piety under Makhleb
 15505 | Lair:5   | Reached XP level 13. HP: 119/119 MP: 18/18
 15605 | Lair:5   | Found a staircase to the Slime Pits.
 15605 | Lair:5   | Found a viscous altar of Jiyva.
 16104 | Lair:5   | Found a shadowy altar of Dithmenos.
 16356 | Lair:6   | Entered Level 6 of the Lair of Beasts
 16372 | Lair:6   | Mangled by a komodo dragon

Vault maps used:
D:1:      dpeg_arrival_lava_temple_mockup, minmay_box_of_dots
D:2:      gammafunk_temple_overflow_pools
D:3:      kennysheep_generic_room_7
D:4:      gammafunk_temple_overflow_elements, minmay_temple_entry_fiery,
          uniq_grinder, uniq_duvessa, uniq_robin
D:5:      tso_oasis_becter, first_ration, uniq_eustachio,
          uniq_crazy_yiuf_cottage, uniq_blork_the_orc
D:6:      lemuel_round_altar
D:7:      eat_drink_and_be_merry_uskayaw, grunt_ogre_cave, lemuel_another_geyser
D:8:      gammafunk_the_bubble, lemuel_doored_altar
D:9:      kennysheep_mini, minitemple, serial_shops, shop,
          nicolae_shop_temple_entry_statues_fountains, shop_fountains,
          nicolae_shop_crystal, shop
D:10:     erik_lair_island
Temple:   dpeg_chambers_temple
Lair:1:   beast_lair_carwin_large_3, grunt_megastairs_4
Lair:3:   minmay_snake_entry_six_corridors, grunt_megastairs_5
Lair:4:   minmay_shoals_entry_centaurs
Lair:5:   slime_altar_1, basic_altar
Lair:6:   hangedman_lair_caniforms_friends, wormcave

Skill      XL: |  1  2  3  4  5  6  7  8  9 10 11 12 13 |
---------------+----------------------------------------+-----
Axes           | 3 4 5 6 8 10 11 13 14 16 | 16.0
Armour         | 4 5 6 7 9 10 11 12 | 12.9
Fighting       | 4 5 6 7 9 10 11 12 | 12.9
Invocations    | 3 5 7 8 9 |  9.2
Shields        | |  3.6

Action                   |  1- 3 |  4- 6 |  7- 9 | 10-12 | 13-15 || total
-------------------------+-------+-------+-------+-------+-------++-------
Melee: War axe           |   101 |    91 |   392 |   663 |    50 ||  1297
       Headbutt          |     9 |    13 |   106 |   152 |    13 ||   293
Throw: Throwing net      |       |     2 |       |       |       ||     2
       Tomahawk          |       |       |       |     3 |     6 ||     9
Invok: Lesser Servant of |       |       |     1 |    15 |       ||    16
       Minor Destruction |       |       |     1 |    22 |     8 ||    31
       Major Destruction |       |       |       |     5 |     2 ||     7
  Use: Scroll            |       |     4 |     5 |    18 |     1 ||    28
       Potion            |       |     1 |     2 |     1 |       ||     4
 Stab: Distracted        |       |       |       |     2 |       ||     2
  Eat: Chunk             |     2 |     4 |    15 |    26 |     2 ||    49
Armor: Scale mail        |    60 |    11 |       |       |       ||    71
       Plate armour      |       |    21 |   189 |   368 |       ||   578
       Chain mail        |       |       |       |    21 |    41 ||    62
Dodge: Dodged            |    53 |    25 |    55 |   105 |    22 ||   260
Block: Shield            |    56 |    40 |   176 |   298 |    32 ||   602

Table legend:
 A = Spawn XP
 B = Non-spawn XP
 C = Spawn XP percentage of total XP
 D = Spawn monster count
 E = Non-spawn monster count
 F = Spawn count percentage of total count
 G = Total turns spent on level
                    A         B        C        D         E        F      G
               +---------+---------+-------+---------+---------+-------+---------
         Total |       0 |   41706 |   0.0 |       0 |     422 |   0.0 | 16372
               +---------+---------+-------+---------+---------+-------+---------
           D:1 |       0 |      57 |   0.0 |       0 |      33 |   0.0 |   733
           D:2 |       0 |      45 |   0.0 |       0 |      18 |   0.0 |   890
           D:3 |       0 |     107 |   0.0 |       0 |      21 |   0.0 |   949
           D:4 |       0 |    1122 |   0.0 |       0 |      33 |   0.0 |  1717
           D:5 |       0 |    1509 |   0.0 |       0 |      40 |   0.0 |  1357
           D:6 |       0 |     862 |   0.0 |       0 |      25 |   0.0 |   799
           D:7 |       0 |    2197 |   0.0 |       0 |      34 |   0.0 |  1009
           D:8 |       0 |    4382 |   0.0 |       0 |      38 |   0.0 |  1324
           D:9 |       0 |     363 |   0.0 |       0 |      15 |   0.0 |   703
          D:10 |       0 |    2647 |   0.0 |       0 |      29 |   0.0 |  1392
        Lair:1 |       0 |    4480 |   0.0 |       0 |      23 |   0.0 |  1394
        Lair:2 |       0 |    5516 |   0.0 |       0 |      23 |   0.0 |   765
        Lair:3 |       0 |    6974 |   0.0 |       0 |      41 |   0.0 |  1284
        Lair:4 |       0 |    6236 |   0.0 |       0 |      26 |   0.0 |   844
        Lair:5 |       0 |    5209 |   0.0 |       0 |      23 |   0.0 |   954
               +---------+---------+-------+---------+---------+-------+---------
